 Dungeon Sprint DCSS version 0.29-a0-284-gf9362112df (webtiles) character file.

Game seed: 12846513098308373886

432 mhtbhm the Cleaver (level 7, -8/56 HPs)
             Began as an Octopode Berserker on Apr 1, 2022.
             Was a Believer of Trog.
             Mangled by Sonja
             ... wielding a +1 short sword of distortion
              (23 damage)
             ... in the Dungeon (Sprint I: "Red Sonja").
             The game lasted 00:00:50 (696 turns).

mhtbhm the Cleaver (Octopode Berserker)              Turns: 696, Time: 00:00:51

Health: -8/56      AC:  1    Str: 18    XL:     7   Next: 0%
Magic:  2/2        EV: 16    Int: 10    God:    Trog [**....]
Gold:   141        SH:  0    Dex: 11    Spells: 6/6 levels left

rFire   . . .      SeeInvis .   a - +0 war axe (antimagic)
rCold   . . .      Faith    .   (no shield)
rNeg    . . .      Spirit   .   (helmet restricted)
rPois   .          Reflect  .   (no amulet)
rElec   .          Harm     .   (no ring)
rCorr   .          Rampage  .   (no ring)
Will    .....      NoTele   +   (no ring)
Stlth   +++.......              (no ring)
HPRegen 0.18/turn               (no ring)
MPRegen 0.08/turn               (no ring)
                                (no ring)
                                (no ring)

@: lethally poisoned (-8 -> -12), slowed, very slow
A: almost no armour, amphibious, 8 rings, camouflage 1, gelatinous body 1,
(nimble swimmer 1), tentacles
a: Renounce Religion, Berserk, Trog's Hand


You were in the Dungeon.
You worshipped Trog.
Trog was pleased with you.
You visited 1 branch You collected 329 gold pieces.
You spent 188 gold pieces at shops.

Inventory:

Hand Weapons
 a - a +0 antimagic war axe (weapon)
Wands
 h - a wand of mindburst (9)
Scrolls
 g - a scroll of blinking
Potions
 b - a potion of curing
 c - a potion of heal wounds
 d - a potion of haste
 e - 2 potions of magic
 f - a potion of berserk rage


   Skills:
 + Level 8.5 Fighting
 + Level 9.6 Axes
 + Level 8.4 Dodging
 + Level 2.2 Stealth


You had 6 spell levels left.
You didn't know any spells.
Your spell library was empty.

Dungeon Overview and Level Annotations

Branches:
Dungeon (1/1)

Altars:
Cheibriados
Dithmenos
Elyvilon
Fedhas
Gozag
Hepliaklqana
Kikubaaqudgha
Nemelex Xobeh
Okawaru
Qazlal
Ru
Sif Muna
Trog
Uskayaw
Vehumet
Wu Jian
Yredelemnul
Zin
The Shining One

Shops:
D (

Annotations:
D Sonja


Innate Abilities, Weirdness & Mutations

You cannot wear most types of armour.
You are amphibious.
You can wear up to eight rings at the same time.
Your skin changes colour to match your surroundings (Stealth+).
Your rubbery body absorbs attacks. (AC +1, EV +1)
((You are camouflaged when in or above water. (Stealth+)))
You have tentacles for arms and can constrict up to eight enemies at once.


Message History

You start resting.
You feel yourself speed up.
You start resting.
You recover from your berserk rage.
There is an open door, spattered with blood here.
You start resting.
HP restored.
Okay, then.
There is a radiant altar of Vehumet here.
You open the door.
Sonja, the Graceful Assassin comes into view.
She is wielding a +1 short sword of distortion and quivering curare-tipped darts.
Found 108 gold pieces.
Unknown command.
Aiming: Mindburst
Press: ? - help, Shift-Dir - straight line, f - Sonja
Aim: Sonja, wielding a +1 short sword of distortion and quivering curare-tipped darts (asleep, chance to affect: 72%) Sonja shouts!
Sonja struggles to resist.
Sonja throws a curare-tipped dart.
The curare-tipped dart hits you.
You are poisoned.
You have difficulty breathing.
You feel yourself slow down.
Unknown command.
Aiming: Mindburst
Press: ? - help, Shift-Dir - straight line, f/p - Sonja
Aim: Sonja, wielding a +1 short sword of distortion and quivering curare-tipped darts (chance to affect: 72%) Sonja struggles to resist.
You feel very sick.
Sonja mumbles some strange words.
Sonja blinks!
Unknown command.
Aiming: Mindburst
Press: ? - help, Shift-Dir - straight line, f/p - Sonja
Aim: Sonja, wielding a +1 short sword of distortion and quivering curare-tipped darts (chance to affect: 72%) Sonja's mind is blasted!
You feel sick.
Sonja hits you with a +1 short sword of distortion.
Space warps horribly around you!! Sonja closely misses you.
Sonja hits you with a +1 short sword of distortion.
* * * LOW HITPOINT WARNING * * *
Space warps horribly around you!!
You die...

################
#<.#.)').#..'..#
#..'..#..').#..+
#..#####'#####'#
#..####..#...#.#
#..#__####..##.#
#..#_____##'#_.+
#⌠⌠#_.∩..÷'K.._#
####_..__##_@#'#
#_____###'#[#
####### #§###
$.$ $.$ ##.##
#+#


You could see Sonja.

Vanquished Creatures
  Sigmund (D)
  A yak (D)
  An ogre (D)
  A jelly (D)
  Ijyb (D)
5 creatures vanquished.

Notes
Turn   | Place    | Note
-------+----------+-------------------------------------------
     0 | D        | mhtbhm the Octopode Berserker began the quest for the Orb.
     0 | D        | Reached XP level 1. HP: 16/16 MP: 1/1
     1 | D        | Noticed Ijyb
    10 | D        | Killed Ijyb
    11 | D        | Reached skill level 4 in Axes
    11 | D        | Reached XP level 2. HP: 23/23 MP: 2/2
    11 | D        | Reached XP level 3. HP: 27/27 MP: 3/3
    49 | D        | Noticed an ogre
    53 | D        | Killed an ogre
    54 | D        | Reached skill level 5 in Fighting
    54 | D        | Reached skill level 6 in Axes
    54 | D        | Reached XP level 4. HP: 36/36 MP: 4/4
   106 | D        | Noticed Sigmund
   115 | D        | Killed Sigmund
   115 | D        | Reached ** piety under Trog
   116 | D        | Reached skill level 8 in Axes
   116 | D        | Reached XP level 5. HP: 20/43 MP: 5/5
   116 | D        | Reached XP level 6. HP: 22/49 MP: 6/6
   293 | D        | Found an ornate altar of the Wu Jian Council.
   293 | D        | Found a shimmering blue altar of Sif Muna.
   295 | D        | Found a radiant altar of Vehumet.
   422 | D        | Found Atsorph's Antique Weapon Emporium.
   422 | D        | Found an ancient bone altar of Kikubaaqudgha.
   422 | D        | Found a hazy altar of Hepliaklqana.
   422 | D        | Found a stormy altar of Qazlal.
   422 | D        | Found a hide-covered altar of Uskayaw.
   422 | D        | Found a blossoming altar of Fedhas.
   422 | D        | Found a bloodstained altar of Trog.
   422 | D        | Found an iron altar of Okawaru.
   422 | D        | Found a basalt altar of Yredelemnul.
   422 | D        | Found a glowing golden altar of the Shining One.
   422 | D        | Found a snail-covered altar of Cheibriados.
   422 | D        | Found a sacrificial altar of Ru.
   422 | D        | Found a glowing silver altar of Zin.
   422 | D        | Found a shadowy altar of Dithmenos.
   422 | D        | Found a white marble altar of Elyvilon.
   422 | D        | Noticed a yak
   423 | D        | Found an opulent altar of Gozag.
   435 | D        | Killed a yak
   436 | D        | Reached skill level 9 in Axes
   436 | D        | Reached XP level 7. HP: 11/56 MP: 7/7
   436 | D        | Found a sparkling altar of Nemelex Xobeh.
   441 | D        | Bought a runed war axe for 188 gold pieces
   693 | D        | Noticed Sonja
   696 | D        | Mangled by Sonja

Illustrated notes

Levels and vault maps discovered:
D:        dungeon_sprint_1 [red_sonja_temple_1, red_sonja_temple_small_1]

Skill      XL: |  1  2  3  4  5  6 |
---------------+-------------------+-----
Fighting       | 4 5 7 8 |  8.5
Axes           | 4 6 8 9 |  9.6
Dodging        | 4 6 7 8 |  8.4
Stealth        | 2 |  2.2

Action                   |  1- 3 |  4- 6 |  7- 9 || total
-------------------------+-------+-------+-------++-------
Melee: Hand axe          |     8 |    21 |       ||    29
       Tentacles         |     2 |     1 |       ||     3
       Constrict         |     1 |     1 |       ||     2
Invok: Berserk           |     2 |     1 |       ||     3
Evoke: Wand              |       |       |     3 ||     3
 Stab: Sleeping          |       |     2 |       ||     2
Armor: Skin              |     1 |       |       ||     1
Dodge: Dodged            |     3 |     7 |     1 ||    11

Table legend: (Time is in decaauts)
 A = Elapsed time spent in this place.
 B = Non-inter-level travel time spent in this place.
 C = Inter-level travel time spent in this place.
 D = Time resting spent in this place.
 E = Time spent auto-exploring this place.
 F = Levels seen in this place.
 G = Mean time per level.
                   A        B        C        D        E       F      G
               +--------+--------+--------+--------+--------+-----+--------+
         Total |    728 |    728 |      0 |    606 |      1 |   1 |  728.0 |
       Dungeon |    728 |    728 |      0 |    606 |      1 |   1 |  728.0 |
               +--------+--------+--------+--------+--------+-----+--------+

Top non-repeatable levels by time:
       D: 728 daAuts
